 Dungeon Crawl Stone Soup version 0.29.1-13-g9f3cf754e1 (webtiles) character file.

Game seed: 12605818909074118767

1288 Atlar the Agent of Entropy (level 8, -2/58 HPs)
             Began as a Formicid Abyssal Knight on Feb 10, 2023.
             Was a Priest of Lugonu.
             Shot with an arrow by a centaur (12 damage)
             ... on level 6 of the Dungeon.
             The game lasted 00:29:47 (7094 turns).

Atlar the Agent of Entropy (FoAK)                   Turns: 7094, Time: 00:29:47

Health: -2/58      AC:  7    Str: 18    XL:     8   Next: 85%
Magic:  12/12      EV: 12    Int: 10    God:    Lugonu [***...]
Gold:   13         SH:  5    Dex: 16    Spells: 7/7 levels left

rFire   . . .      SeeInvis +   a - +1 hand axe
rCold   . . .      Faith    .   e - +0 buckler
rNeg    . . .      Spirit   .   f - +0 ring mail
rPois   .          Reflect  .   (helmet unavailable)
rElec   .          Harm     .   (no cloak)
rCorr   .          Rampage  .   x - +0 pair of gloves
Will    .....                   (no boots)
Stlth   ++........              (no amulet)
HPRegen 0.19/turn               (no ring)
MPRegen 0.13/turn               (no ring)

@: invisible
A: permanent stasis, dig shafts and tunnels, antennae 3, four strong arms
a: Dig, Shaft Self, Renounce Religion, Depart the Abyss, Bend Space, Banish


You were on level 6 of the Dungeon.
You worshipped Lugonu.
Lugonu was most pleased with you.
You visited 1 branch of the dungeon, and saw 6 of its levels.
You visited the Abyss 1 time.

You collected 276 gold pieces.
You spent 263 gold pieces at shops.

Inventory:

Hand Weapons
 a - a +1 hand axe (weapon)
 y - a +0 shortbow
 B - a +0 broad axe of venom
Missiles
 k - 5 boomerangs (quivered)
 t - 7 poisoned darts
Armour
 b - a +0 leather armour
 e - a +0 buckler (worn)
 f - a +0 ring mail (worn)
 h - a +0 plate armour
 p - a +1 robe of fire resistance
 x - a +0 pair of gloves (worn)
Wands
 q - a wand of polymorph (3)
 v - a wand of light (2)
Scrolls
 d - a scroll of amnesia
 g - 2 scrolls of vulnerability
 i - a scroll of fear
 l - a scroll of poison {unknown}
 m - 2 scrolls of teleportation
 r - a scroll of magic mapping {unknown}
 s - a scroll of fog
 w - a scroll of enchant armour {unknown}
Potions
 c - a potion of attraction
 j - a potion of might
 n - 2 potions of mutation
 o - a potion of magic
 u - a potion of flight
 z - a potion of invisibility


   Skills:
 - Level 3.2 Fighting
 * Level 6.0 Axes
 + Level 4.1 Armour
 + Level 3.8 Dodging
 - Level 3.3 Stealth
 - Level 3.4 Shields
 + Level 6.2 Invocations


You had 7 spell levels left.
You didn't know any spells.
Your spell library contained the following spells:

 Spells                   Type           Power      Damage    Failure   Level
 Beastly Appendage        Tmut           0%         N/A       63%         1
 Foxfire                  Conj/Fire      0%         2x1d4     63%         1
 Wereblood                Tmut           0%         N/A       77%         2
 Conjure Flame            Conj/Fire      0%         6-21      94%         3
 Inner Flame              Hex/Fire       0%         N/A       94%         3
 Spider Form              Tmut/Pois      0%         N/A       94%         3
 Tukima's Dance           Hex            0%         N/A       94%         3
 Cause Fear               Hex            0%         N/A       100%        4
 Flame Wave               Conj/Fire      0%         2d4       100%        4
 Passage of Golubria      Tloc           0%         N/A       100%        4
 Yara's Violent Unravell  Hex/Tmut       0%         3d3       100%        5
 Dragon Form              Tmut           0%         N/A       100%        7
 Dragon's Call            Summ           0%         N/A       100%        9


Dungeon Overview and Level Annotations

Branches:
Dungeon (6/15)             Temple (0/1) D:4

Altars:
Cheibriados
Dithmenos
Makhleb
Nemelex Xobeh
Qazlal
Sif Muna
Wu Jian
The Shining One

Shops:
D:4 *

Annotations:
Abyss:1 Blork the orc, Edmund, Grinder


Innate Abilities, Weirdness & Mutations

You cannot be hasted, slowed, berserked, paralysed or teleported.
You can dig through walls and to a lower floor.
You have a pair of large antennae on your head. (SInv)
Your four strong arms can wield two-handed weapons with a shield.


Message History

The centaur kicks you. The orc wizard closely misses you.
You hit the orc wizard.
You kill the orc wizard!
Lugonu accepts your kill.
You hit the centaur.
The centaur hits you but does no damage.
The centaur closely misses you. The centaur hits you.
The centaur kicks you but does no damage.
Your Axes skill increases to level 6!
You slash the centaur!
The centaur is heavily wounded.
The centaur hits you.
The centaur kicks you but does no damage.
The centaur hits you but does no damage.
The centaur completely misses you.
Things that are here:
a +0 dagger; a +0 robe; an orc corpse The centaur wields a +0 shortbow.
The centaur shoots an arrow.
The arrow hits you.
* * * LOW HITPOINT WARNING * * *
You see here a +0 hand axe.
Okay, then.
You are too confused!
You bump into the rock wall.
You feel less confused.
The centaur unwields a +0 shortbow.
The centaur hits you.
* * * LOW HITPOINT WARNING * * *
The centaur closely misses you.
You are too injured to fight recklessly!
You slash the centaur!
The centaur is severely wounded.
The centaur closely misses you. The centaur misses you.
You strike the helpless centaur from behind!
You hit the centaur.
The centaur is severely wounded.
The centaur wields a +0 shortbow.
The centaur shoots an arrow.
Press: ? - help, Shift-Dir - straight line, f - centaur
Aim: a centaur, wielding a +0 shortbow (severely wounded, unable to see you, chance to affect: 83%)
You fail to use your ability.
The centaur shoots an arrow.
The arrow hits you!
You die...

#####...##.#
########...##.#
...........##.#
#.#####..#.##.#
#.# #..#.##.# #.#
#..#.##.# #.#
#..#.##.# #######
##.
#.#####..#.##.#
..)....
.....##@)......#.#
######
#..?c.).........#
#######
#..####.####.####
......# # #.# #.#
#####.# #.# #.#
#.# ..# #.# #†#
..? ..# #.# #..#
### #.# #...


You could see a centaur (unable to see you).

Vanquished Creatures
  A centaur (D:6)
  A scorpion (D:6)
  2 hounds
  An orc priest (D:3)
  A jelly (D:5)
  Jessica (D:3)
  3 iguanas (D:5)
  Ijyb (D:5)
  2 orc wizards
  3 gnolls (D:4)
  8 adders
  2 dart slugs
  19 orcs
  4 ball pythons
  5 endoplasms
  7 goblins
  7 hobgoblins
  A quokka (D:4)
  7 bats
  3 frilled lizards
  7 kobolds
  5 rats
91 creatures vanquished.

Vanquished Creatures (others)
  An orc wizard (D:6)
1 creature vanquished.

Grand Total: 92 creatures vanquished

Notes
Turn   | Place    | Note
-------+----------+-------------------------------------------
     0 | Abyss:1  | Atlar the Formicid Abyssal Knight began the quest for the
                  | Orb.
     0 | Abyss:1  | Reached XP level 1. HP: 18/18 MP: 2/2
     1 | D:1      | Escaped the Abyss
    47 | D:1      | You fall into a shaft and drop 1 floor!
   174 | D:1      | Reached skill level 1 in Stealth
   320 | D:1      | Reached XP level 2. HP: 21/24 MP: 3/3
   350 | D:1      | Found a faded altar of an unknown god.
   840 | D:1      | Reached XP level 3. HP: 28/29 MP: 5/5
  1053 | D:1      | You fall into a shaft and drop 1 floor!
  1358 | D:2      | Reached skill level 1 in Shields
  1462 | D:2      | Reached *** piety under Lugonu
  2229 | D:3      | Found a burning altar of Makhleb.
  2316 | D:3      | Noticed Jessica
  2326 | D:3      | Killed Jessica
  2327 | D:3      | Reached XP level 4. HP: 28/35 MP: 6/6
  2548 | D:3      | Reached XP level 5. HP: 38/41 MP: 7/7
  2748 | D:3      | Found a snail-covered altar of Cheibriados.
  2983 | D:3      | Found a stormy altar of Qazlal.
  3403 | D:3      | Found a shadowy altar of Dithmenos.
  3671 | D:4      | Reached skill level 1 in Dodging
  3882 | D:4      | Found Qeameth's General Store.
  3966 | D:4      | Reached XP level 6. HP: 6/47 MP: 3/9
  4291 | D:4      | Found a staircase to the Ecumenical Temple.
  4338 | D:4      | Found an ornate altar of the Wu Jian Council.
  5448 | D:4      | Reached XP level 7. HP: 50/52 MP: 10/10
  5506 | D:5      | Entered Level 5 of the Dungeon
  5508 | D:5      | Noticed Blork the orc
  5649 | D:5      | Reached skill level 5 in Invocations
  5687 | D:5      | Noticed Edmund
  5697 | D:5      | Banished Edmund
  5697 | D:5      | Noticed Ijyb
  5702 | D:5      | Killed Ijyb
  5706 | D:5      | Reached XP level 8. HP: 33/58 MP: 7/12
  6175 | D:5      | Found a shimmering blue altar of Sif Muna.
  6241 | D:5      | Found a sparkling altar of Nemelex Xobeh.
  6280 | D:5      | Banished Blork the orc
  6281 | D:5      | Reached skill level 5 in Axes
  6397 | D:6      | Noticed Grinder
  6403 | D:5      | Banished Grinder
  6694 | D:6      | Found a glowing golden altar of the Shining One.
  7018 | D:4      | Bought a scroll of identify for 28 gold pieces
  7018 | D:4      | Bought a scroll of identify for 28 gold pieces
  7018 | D:4      | Bought a potion of invisibility for 112 gold pieces
  7018 | D:4      | Bought a +0 broad axe of venom for 95 gold pieces
  7094 | D:6      | Shot with an arrow by a centaur

Illustrated notes

Levels and vault maps discovered:
D:1:      arrival_zaba_pyramid, layout_loops_corners,
          shapermc_ecumenical_altar_notcrosses
D:2:      layout_loops_cross
D:3:      layout_loops_corners, mainiacjoe_overflow_six_doors_small,
          grunt_dithmenos_smoke, cheibriados_altar_1, bloody_makhleb,
          chequers_serial_rivers_micro_b, uniq_jessica
D:4:      layout_rooms, nicolae_wu_jian_wuxing_cycle,
          minmay_temple_entry_statues_pillars, serial_shops, shop
D:5:      layout_rooms, mainiacjoe_overflow_alcove_4,
          mainiacjoe_overflow_small_starburst, lemuel_flame_loot_1, uniq_edmund,
          uniq_blork_the_orc, uniq_ijyb
D:6:      layout_loops_ring, overflow_temple_1_default, minmay_microvault,
          uniq_grinder, uniq_crazy_yiuf_cottage

Skill      XL: |  1  2  3  4  5  6  7  8 |
---------------+-------------------------+-----
Stealth        | 1 2 3 |  3.3
Invocations    | 3 4 5 6 |  6.2
Shields        | 2 3 |  3.4
Dodging        | 1 2 3 |  3.8
Axes           | 3 4 6 |  6.0
Armour         | 3 4 |  4.1
Fighting       | |  3.2

Action                   |  1- 3 |  4- 6 |  7- 9 || total
-------------------------+-------+-------+-------++-------
Melee: Hand axe          |    86 |   165 |    78 ||   329
       Punch             |     1 |       |       ||     1
       Unarmed           |       |       |     5 ||     5
Throw: Boomerang         |       |    22 |    24 ||    46
Invok: Bend Space        |     1 |     5 |       ||     6
       Banish            |       |     2 |     6 ||     8
 Abil: Dig               |     2 |       |     1 ||     3
       Shaft Self        |     1 |       |       ||     1
  Use: Scroll            |     4 |     2 |     3 ||     9
       Potion            |     1 |     2 |     3 ||     6
 Stab: Sleeping          |     6 |     1 |       ||     7
       Invisible         |       |       |     1 ||     1
Armor: Leather armour    |    22 |    23 |       ||    45
       Skin              |       |    22 |       ||    22
       Ring mail         |       |     1 |    27 ||    28
Dodge: Dodged            |    45 |    80 |    74 ||   199
Block: Buckler           |     5 |    47 |    20 ||    72
